 Dungeon Crawl Stone Soup version 0.31.0-32-g396128a36d (webtiles) character file.

Game seed: 14817091323234324479

49900 monsoonserge the Grappler (level 14, -11/130 (132) HPs)
             Began as a Gnoll Shapeshifter on Mar 17, 2024.
             Was a High Priest of Wu Jian.
             Mangled by an orc warlord
             ... wielding a +0 battleaxe
              (19 damage)
             ... on level 12 of the Dungeon.
             The game lasted 01:44:30 (26366 turns).

monsoonserge the Grappler (Gnoll Shapeshifter)     Turns: 26366, Time: 01:44:31

HP:   -11/130 (132) AC: 13    Str: 23    XL:     14   Next: 52%
MP:   27/27         EV: 14    Int: 10    God:    Wu Jian [*****.]
Gold: 1331          SH:  0    Dex: 12    Spells: 29/32 levels left

rFire   + .          .
                       - Unarmed
rCold   . . .        q - melded +0 kite shield
rNeg    . . .        V - melded +3 scale mail
rPois   +            i - melded +0 helmet
rElec   .            M - melded scarf of a volcano {repulsion, Int+4}
rCorr   .            l - melded +0 pair of gloves
SInv    .            Y - melded +0 pair of boots
Will    +....        (no amulet)
Stlth   ++++         R - ring of protection from fire
HPRegen 0.41/turn    Q - +4 ring of protection
MPRegen 0.20/turn

%: no passive effects
@: exhausted, snake-form, lightly drained
A: constrict, boosted hp, large, (fangs 1), strong nose, distributed training
a: Begin Untransformation, Renounce Religion, Wall Jump, Serpent's Lash,
Heavenly Storm


You were on level 12 of the Dungeon.
You worshipped Wu Jian.
Wu Jian was extremely pleased with you.
You were an enormous serpent.
You visited 4 branches of the dungeon, and saw 20 of its levels.
You also visited: Sewer, Ossuary and Volcano.

You collected 1377 gold pieces.
You spent 46 gold pieces at shops.

Inventory:

Missiles
 r - 5 boomerangs
 u - a curare-tipped dart
 U - 10 atropa-tipped darts
 X - 5 javelins
Armour
 i - a +0 helmet (melded)
 l - a +0 pair of gloves (melded)
 o - a +2 plate armour of fire resistance
 q - a +0 kite shield (melded)
 w - a +2 chain mail of fire resistance
 A - the +1 scale mail of Volav {rPois Will+}
   (You found it on level 11 of the Dungeon)

   rPois:     It protects you from poison Will+: It increases your willpower.
 D - +0 acid dragon scales
 M - the scarf of a volcano (melded) {repulsion, Int+4}
   (You acquired it on level 10 of the Dungeon)

   Int+4:     It affects your intelligence (+4).
 V - a +3 scale mail (melded)
 Y - a +0 pair of boots (melded)
Jewellery
 a - a ring of resist corrosion
 e - a ring of protection from cold
 E - a ring of poison resistance
 Q - a +4 ring of protection (right hand)
 R - a ring of protection from fire (left hand)
Talismans
 z - a flux talisman
 K - a serpent talisman (active)
Wands
 p - a wand of iceblast (24)
 B - a wand of mindburst (2)
 I - a wand of flame (26) (quivered)
 S - a wand of polymorph (14)
 W - a wand of paralysis (14)
 Z - a wand of digging (10)
Scrolls
 f - 8 scrolls of fear
 h - 4 scrolls of teleportation
 k - 6 scrolls of poison
 m - 5 scrolls of blinking
 t - a scroll of fog
 x - a scroll of revelation {unknown}
 y - 7 scrolls of noise {unknown}
 J - 3 scrolls of amnesia
 O - 5 scrolls of torment {unknown}
 P - 5 scrolls of immolation
 T - a scroll of silence {unknown}
Potions
 b - 2 potions of lignification
 d - 5 potions of mutation
 g - 3 potions of heal wounds
 j - 3 potions of invisibility
 n - 5 potions of brilliance {unknown}
 s - 9 potions of curing
 v - 4 potions of might
 C - 4 potions of attraction {unknown}
 F - 3 potions of degeneration {unknown}
 G - 3 potions of magic {unknown}
 H - a potion of resistance {unknown}
 L - 4 potions of haste {unknown}
 N - a potion of berserk rage {unknown}
Miscellaneous
 c - a lightning rod (4/4)


   Skills:
 + Level 10.0 Fighting
 + Level 9.6 Short Blades
 + Level 9.6 Long Blades
 + Level 9.6 Axes
 + Level 9.6 Maces & Flails
 + Level 9.6 Polearms
 + Level 9.6 Staves
 + Level 9.6 Ranged Weapons
 + Level 9.6 Throwing
 + Level 9.6 Armour
 + Level 10.7 Dodging
 + Level 9.6 Stealth
 + Level 9.6 Shields
 + Level 11.6 Unarmed Combat
 + Level 9.6 Spellcasting
 + Level 8.0 Conjurations
 + Level 8.0 Hexes
 + Level 8.0 Summonings
 + Level 8.0 Necromancy
 + Level 8.0 Translocations
 + Level 8.0 Fire Magic
 + Level 8.0 Ice Magic
 + Level 8.0 Air Magic
 + Level 8.0 Earth Magic
 + Level 8.0 Alchemy
 + Level 10.5 Invocations
 + Level 9.6 Evocations
 + Level 11.0 Shapeshifting


You had 29 spell levels left.
You knew the following spells:

 Your Spells              Type           Power      Damage    Failure   Level
a - Swiftness             Air            21%        N/A       1%          3

Your spell library contained the following spells:

 Spells                   Type           Power      Damage    Failure   Level
 Apportation              Tloc           42%        N/A       1%          1
 Foxfire                  Conj/Fire      84%        2x1d8     1%          1
 Necrotise                Necr           84%        1d8       1%          1
 Sting                    Conj/Alch      84%        1d8       1%          1
 Summon Small Mammal      Summ           84%        N/A       1%          1
 Call Imp                 Summ           42%        N/A       1%          2
 Ensorcelled Hibernation  Hex/Ice        42%        N/A       1%          2
 Sublimation of Blood     Necr           21%        N/A       1%          2
 Dazzling Flash           Conj/Hex       42%        N/A       1%          3
 Passwall                 Erth           21%        N/A       1%          3
 Volatile Blastmotes      Fire/Tloc      42%        2d13      1%          3
 Iskenderun's Battlesphe  Conj           21%        2d7       14%         5
 Bombard                  Conj/Erth      10%        9d3       61%         6
 Plasma Beam              Fire/Air       10%        2x1d21    61%         6
 Starburst                Conj/Fire      10%        6d5       61%         6
 Spellforged Servitor     Conj/Summ      10%        N/A       99%         7
 Summon Hydra             Summ           10%        N/A       99%         7
 Maxwell's Capacitive Co  Air            10%        ∞         100%        8


Dungeon Overview and Level Annotations

Branches:
Dungeon (13/15)            Temple (1/1) D:5            Lair (5/5) D:10
 Shoals (0/4) Lair:2       Spider (0/4) Lair:2        Slime (0/5) Lair:4
    Orc (1/2) D:12          Sewer (visited)         Ossuary (visited)
Volcano (visited)
 Vaults: D:13-14

Altars:
Ashenzari
Cheibriados
Dithmenos
Elyvilon
Fedhas
Gozag
Hepliaklqana
Kikubaaqudgha
Makhleb
Nemelex Xobeh
Okawaru
Qazlal
Ru
Sif Muna
Trog
Uskayaw
Vehumet
Wu Jian
Xom
Yredelemnul
Zin
The Shining One
Jiyva

Shops:
D:3 :   D:9 (

Annotations:
Lair:2 3 runed translucent doors, exclusion: orange crystal statue, Urgle's ghost, journeyman GnFi
Lair:4 1 runed translucent door, Kaboulah's ghost, journeyman TeAE


Innate Abilities, Weirdness & Mutations

You are an enormous serpent.
You have a powerful constriction melee attack.
Your maximum health is increased.
Your armour is entirely melded.
You are incapable of wielding weapons or throwing items.
((You have very sharp teeth.))
Your uncanny sense of smell can sniff out nearby items.
Your experience applies equally to all skills.


Message History

You spin and attack the orc warlord repeatedly, with incredible momentum.
You lash the orc warlord!
The orc warlord is moderately wounded.
You hit the orc warlord. You grab the orc warlord.
The orc warlord is moderately wounded.
Your supernatural speed expires.
There is a staircase to the Orcish Mines, spattered with blood here.
You closely miss the orc warrior.
The orc warrior is lightly wounded.
You constrict the orc warlord, but do no damage.
The orc warrior hits you with a +0 battleaxe.
The orc warlord hits you with a +0 battleaxe.
Unknown command.
You closely miss the orc warrior.
The orc warrior is lightly wounded.
You constrict the orc warlord, but do no damage.
The orc warrior hits you with a +0 battleaxe!
The orc warlord hits you with a +0 battleaxe!!
* * * LOW HITPOINT WARNING * * *
Unknown command.
Okay, then.
Aiming: Paralyse
Press: ? - help, Shift-Dir - straight line, f - orc warrior
Aim: an orc warrior, wielding a +0 battleaxe and wearing a +0 plate armour (lightly wounded, strong, chance to affect: 71%)
The orc warrior struggles to resist.
You constrict the orc warlord. The orc warrior barely misses you.
The orc warlord hits you but does no damage.
Aiming: Paralyse
Press: ? - help, Shift-Dir - straight line, f/p - orc warrior
Aim: an orc warrior, wielding a +0 battleaxe and wearing a +0 plate armour (lightly wounded, strong, chance to affect: 71%)
The orc warrior struggles to resist.
You constrict the orc warlord. The orc warrior misses you.
The orc warlord barely misses you.
Aiming: Paralyse
Press: ? - help, Shift-Dir - straight line, f/p - orc warrior
Aim: an orc warrior, wielding a +0 battleaxe and wearing a +0 plate armour (lightly wounded, strong, chance to affect: 71%)
The orc warrior struggles to resist.
You constrict the orc warlord.
The orc warrior hits you with a +0 battleaxe!!
* * * LOW HITPOINT WARNING * * *
The orc warlord hits you with a +0 battleaxe!!
You die...

....###.....## #.......#....##
...## ##....# #.###......#..#
...# ##..#..## #.# ##...###..##
...###..###..###.####..## ##..##
...##..## ####.....##### ##..##
......## #.....8.....# ##...
.....## ##...........## ##..#
....## ##.............## #..##
.....## #..8...oS)...8..### #..#
.##...###......)°o........###.##
.###......#...........###.##..##
.####.....#.....8.....###.....>##
..# #..#######.....####....##...#
..###..# #.###..........#####(.
...##..# #.##[....#.....# ##.
#..##..# #....).##......# #.
#...#..# ##.[..####......# #.


You could see an orc warlord and an orc warrior (strong).

Vanquished Creatures
  A red draconian (Volcano)
  A dire elephant (Lair:5)
  Snorg (D:12)
  An ice dragon (Lair:4)
  Erolcha (D:10)
  4 hydras
  3 centaur warriors (D:13)
  2 boulder beetles (D:12)
  4 two-headed ogres
  A tengu warrior (D:13)
  Urug (D:9)
  A fire crab (Lair:5)
  A salamander mystic (Volcano)
  A lindwurm (Lair:5)
  An orc knight (D:12)
  An orc sorcerer (Orc:1)
  2 ugly things
  A cyclops (D:13)
  9 elephants
  4 salamanders (Volcano)
  An oklob plant (Lair:4)
  Joseph (Lair:1)
  2 molten gargoyles (Volcano)
  13 cane toads
  3 gargoyles
  An unseen horror (D:13)
  A tengu conjurer (D:13)
  Jeremiah (D:9)
  3 komodo dragons
  4 trolls
  14 blink frogs
  A hornet (D:9)
  2 shadows
  A jumping spider (Lair:2)
  A culicivora (Lair:2)
  4 slime creatures (D:12)
  2 vampires (D:11)
  2 wraiths
  31 yaks
  9 wyverns
  2 basilisks
  A fire bat (Volcano)
  A steam dragon (D:5)
  A warg (Orc:1)
  An acid dragon (D:9)
  12 water moccasins
  11 orc warriors
  2 ice beasts
  3 black bears
  3 ogres
  A crocodile (Sewer)
  22 wolves
  2 phantoms
  10 centaurs
  14 bullfrogs
  3 kobold brigands
  A gnoll sergeant (D:7)
  11 scorpions
  8 killer bees
  2 electric eels (D:10)
  A howler monkey (D:7)
  A bombardier beetle (D:5)
  10 lava snakes
  A centaur zombie (Ossuary)
  7 hounds
  9 orc priests
  A gnoll bouda (D:5)
  A sleepcap (D:6)
  7 iguanas
  4 scorpion zombies (Ossuary)
  Natasha (thrice) (D:3)
  9 orc wizards
  A human simulacrum (D:10)
  3 mummies (Ossuary)
  11 gnolls
  7 adders
  A shadow imp (D:6)
  3 white imps (Lair:4)
  An ufetubus (D:7)
  An adder zombie (Ossuary)
  5 ribbon worms
  4 dart slugs
  43 orcs
  3 endoplasms
  5 giant cockroaches
  5 goblins
  8 hobgoblins
  3 jackals (D:2)
  19 kobolds
  8 quokkas
  9 ball pythons
  4 ball python zombies (Ossuary)
  A bat (D:1)
  2 frilled lizards
  3 gnoll zombies (Ossuary)
  2 jackal zombies (Ossuary)
  2 orc zombies (Ossuary)
  8 rats
465 creatures vanquished.

Vanquished Creatures (others)
  Maurice (D:7)
  A yak (D:10)
  A human (D:10)
  A human simulacrum (D:10)
4 creatures vanquished.

Grand Total: 469 creatures vanquished

Notes
Turn   | Place    | Note
-------+----------+-------------------------------------------
     0 | D:1      | monsoonserge the Gnoll Shapeshifter began the quest for the
                  | Orb.
     0 | D:1      | Reached XP level 1. HP: 17/17 MP: 1/1
    97 | D:1      | Reached XP level 2. HP: 23/23 MP: 2/2
   954 | D:2      | Reached XP level 3. HP: 28/28 MP: 3/3
  1035 | D:2      | Reached skill level 1 in Invocations
  1248 | D:2      | Found a faded altar of an unknown god.
  1673 | D:3      | Found a stormy altar of Qazlal.
  1704 | D:2      | Reached skill level 1 in Short Blades
  1704 | D:2      | Reached skill level 1 in Long Blades
  1704 | D:2      | Reached skill level 1 in Axes
  1704 | D:2      | Reached skill level 1 in Maces & Flails
  1704 | D:2      | Reached skill level 1 in Polearms
  1704 | D:2      | Reached skill level 1 in Staves
  1704 | D:2      | Reached skill level 1 in Ranged Weapons
  1704 | D:2      | Reached skill level 1 in Throwing
  1704 | D:2      | Reached skill level 1 in Armour
  1704 | D:2      | Reached skill level 1 in Stealth
  1704 | D:2      | Reached skill level 1 in Shields
  1704 | D:2      | Reached skill level 1 in Spellcasting
  1704 | D:2      | Reached skill level 1 in Evocations
  1834 | D:3      | Found a glowing silver altar of Zin.
  1878 | D:3      | Noticed Natasha
  1885 | D:3      | Killed Natasha
  1886 | D:3      | Reached skill level 1 in Conjurations
  1886 | D:3      | Reached skill level 1 in Hexes
  1886 | D:3      | Reached skill level 1 in Summonings
  1886 | D:3      | Reached skill level 1 in Necromancy
  1886 | D:3      | Reached skill level 1 in Translocations
  1886 | D:3      | Reached skill level 1 in Fire Magic
  1886 | D:3      | Reached skill level 1 in Ice Magic
  1886 | D:3      | Reached skill level 1 in Air Magic
  1886 | D:3      | Reached skill level 1 in Earth Magic
  1886 | D:3      | Reached skill level 1 in Alchemy
  1886 | D:3      | Reached XP level 4. HP: 29/34 MP: 5/5
  1974 | D:3      | Reached XP level 5. HP: 18/40 MP: 5/7
  2078 | D:3      | Noticed Natasha
  2084 | D:3      | Killed Natasha
  2149 | D:3      | Found a glowing drain.
  2177 | Sewer    | Entered a sewer
  2306 | Sewer    | Noticed a kobold brigand
  2316 | Sewer    | Killed a kobold brigand
  2317 | Sewer    | Reached XP level 6. HP: 34/47 MP: 8/8
  2319 | Sewer    | Reached skill level 5 in Dodging
  2781 | D:3      | Noticed Natasha
  2787 | D:3      | Killed Natasha
  2841 | D:3      | Found Juazeas's Book Emporium.
  3507 | D:4      | Noticed a +0 dagger
  3508 | D:4      | Noticed a +0 dagger
  3513 | D:4      | Reached XP level 7. HP: 49/52 MP: 10/10
  3515 | D:4      | Found a hide-covered altar of Uskayaw.
  4044 | D:5      | Entered Level 5 of the Dungeon
  4466 | D:5      | Noticed a yak
  4466 | D:5      | Noticed a steam dragon
  4538 | D:5      | Reached XP level 8. HP: 55/60 MP: 12/12
  4571 | D:5      | Found a staircase to the Ecumenical Temple.
  4577 | Temple   | Entered the Ecumenical Temple
  4582 | Temple   | Became a worshipper of Elyvilon the Healer
  4693 | D:5      | Found a broken altar of Ashenzari.
  5214 | D:5      | Reached * piety under Elyvilon
  5872 | D:6      | Reached XP level 9. HP: 17/66 MP: 14/14
  6118 | D:6      | Found an ornate altar of the Wu Jian Council.
  6146 | D:6      | Fell from the grace of Elyvilon
  6146 | D:6      | Became a worshipper of the Wu Jian Council
  6250 | D:6      | Found a shimmering blue altar of Sif Muna.
  6447 | D:6      | Reached skill level 5 in Fighting
  6905 | D:8      | Found an opulent altar of Gozag.
  6983 | D:7      | Found a sand-covered staircase.
  7031 | Ossuary  | Entered an ossuary
  7142 | Ossuary  | Reached skill level 5 in Invocations
  7217 | Ossuary  | Reached * piety under Wu Jian
  7541 | D:7      | Noticed Maurice
  7807 | D:7      | Reached skill level 5 in Short Blades
  7807 | D:7      | Reached skill level 5 in Long Blades
  7807 | D:7      | Reached skill level 5 in Axes
  7807 | D:7      | Reached skill level 5 in Maces & Flails
  7807 | D:7      | Reached skill level 5 in Polearms
  7807 | D:7      | Reached skill level 5 in Staves
  7807 | D:7      | Reached skill level 5 in Ranged Weapons
  7807 | D:7      | Reached skill level 5 in Throwing
  7807 | D:7      | Reached skill level 5 in Armour
  7807 | D:7      | Reached skill level 5 in Stealth
  7807 | D:7      | Reached skill level 5 in Shields
  7807 | D:7      | Reached skill level 5 in Spellcasting
  7807 | D:7      | Reached skill level 5 in Evocations
  7807 | D:7      | Reached XP level 10. HP: 76/76 MP: 17/17
  8038 | D:7      | Found a shimmering blue altar of Sif Muna.
  8062 | D:7      | Reached ** piety under Wu Jian
  8426 | D:8      | Found a sacrificial altar of Ru.
  8685 | D:8      | Found a blossoming altar of Fedhas.
 10034 | D:9      | Noticed a two-headed ogre
 10042 | D:9      | Killed a two-headed ogre
 10104 | D:9      | Noticed Jeremiah
 10125 | D:9      | Killed Jeremiah
 10223 | D:9      | Found Puwieny's Weapon Shoppe.
 10250 | D:9      | Bought 4 atropa-tipped darts for 46 gold pieces
 10289 | D:9      | Found a burning altar of Makhleb.
 10677 | D:9      | Found a sparkling altar of Nemelex Xobeh.
 10868 | D:10     | Entered Level 10 of the Dungeon
 11081 | D:10     | Reached skill level 5 in Conjurations
 11081 | D:10     | Reached skill level 5 in Hexes
 11081 | D:10     | Reached skill level 5 in Summonings
 11081 | D:10     | Reached skill level 5 in Necromancy
 11081 | D:10     | Reached skill level 5 in Translocations
 11081 | D:10     | Reached skill level 5 in Fire Magic
 11081 | D:10     | Reached skill level 5 in Ice Magic
 11081 | D:10     | Reached skill level 5 in Air Magic
 11081 | D:10     | Reached skill level 5 in Earth Magic
 11081 | D:10     | Reached skill level 5 in Alchemy
 11081 | D:10     | Reached XP level 11. HP: 27/83 MP: 18/20
 11338 | D:10     | Noticed Erolcha
 11484 | D:10     | Noticed Urug
 11638 | D:7      | Maurice stole a beast talisman
 11642 | D:7      | Maurice stole a ring of protection from fire
 11643 | D:7      | Maurice stole 3 boomerangs
 11646 | D:7      | Maurice stole 233 gold
 11647 | D:7      | Maurice stole 291 gold
 11657 | D:7      | Something stole 26 gold
 11668 | D:7      | Killed Maurice
 11890 | D:9      | Killed Urug
 12313 | D:10     | Found an ancient bone altar of Kikubaaqudgha.
 12353 | D:10     | Killed Erolcha
 12558 | D:10     | Found a staircase to the Lair.
 12872 | D:10     | Identified a scroll of acquirement
 12873 | D:10     | Acquired the scarf of a volcano {repulsion, Int+4}
 12894 | D:10     | Learned a level 3 spell: Swiftness
 13338 | D:11     | Identified the +1 scale mail of Volav {rPois Will+}
 13614 | D:11     | Noticed a two-headed ogre
 13624 | D:11     | Killed a two-headed ogre
 13941 | D:11     | Noticed a two-headed ogre
 13951 | D:11     | Killed a two-headed ogre
 13951 | D:11     | Reached *** piety under Wu Jian
 14064 | D:11     | HP: 3/84 [vampire (6)]
 14656 | Lair:1   | Entered Level 1 of the Lair of Beasts
 14710 | Lair:1   | Noticed Joseph
 14726 | Lair:1   | Killed Joseph
 15101 | Lair:1   | Reached XP level 12. HP: 88/91 MP: 22/22
 16218 | Lair:1   | Reached skill level 10 in Unarmed Combat
 17022 | Lair:2   | Found a staircase to the Shoals.
 17107 | Lair:2   | Noticed Urgle's ghost (journeyman GnFi)
 17108 | Lair:2   | Noticed a minotaur
 17126 | Lair:2   | Found a runed translucent gate.
 17126 | Lair:2   | Found a runed translucent gate.
 17126 | Lair:2   | Found a runed translucent gate.
 17178 | Lair:2   | Found a hole to the Spider Nest.
 17514 | Lair:3   | Reached **** piety under Wu Jian
 17796 | Lair:3   | Found a dark tunnel.
 17809 | Volcano  | Entered a volcano
 18203 | Volcano  | Found a burning altar of Makhleb.
 18213 | Volcano  | HP: 3/112 [salamander/+1 trident of flaming (4)]
 18221 | Volcano  | Reached XP level 13. HP: 4/99 MP: 25/25
 18513 | Volcano  | Noticed a red draconian
 18519 | Volcano  | Reached skill level 10 in Shapeshifting
 18529 | Volcano  | Killed a red draconian
 20308 | Lair:4   | Found a viscous altar of Jiyva.
 20309 | Lair:4   | Found a staircase to the Slime Pits.
 20365 | Lair:4   | Found a runed translucent door.
 20365 | Lair:4   | Noticed Kaboulah's ghost (journeyman TeAE)
 20394 | Lair:4   | Identified the +2 robe of a treasure trove {Dex-4 Stlth+
                  | Archmagi}
 20554 | Lair:4   | Noticed an ice dragon
 20567 | Lair:4   | Killed an ice dragon
 21099 | Lair:5   | Entered Level 5 of the Lair of Beasts
 21259 | Lair:5   | Reached skill level 10 in Dodging
 22394 | Lair:5   | Noticed a dire elephant
 22394 | Lair:5   | Noticed a dire elephant
 22395 | Lair:5   | Noticed a dire elephant
 22401 | Lair:5   | Noticed a dire elephant
 22407 | Lair:5   | Killed a dire elephant
 22408 | Lair:5   | Reached skill level 10 in Invocations
 22408 | Lair:5   | Reached XP level 14. HP: 85/108 MP: 27/27
 23290 | D:12     | Noticed Snorg
 23299 | D:12     | Killed Snorg
 23694 | D:12     | Found a staircase to the Orcish Mines.
 25421 | D:13     | Reached ***** piety under Wu Jian
 25705 | Orc:1    | Entered Level 1 of the Orcish Mines
 25751 | Orc:1    | Reached skill level 10 in Fighting
 26039 | Orc:1    | Noticed an orc warlord
 26107 | Orc:1    | Paralysed by an orc sorcerer for 5 turns
 26366 | D:12     | Mangled by an orc warlord

Illustrated notes

Levels and vault maps discovered:
D:1:      ldierk_walled_garden_2, layout_basic, minmay_vboxes
D:2:      layout_loops_corners, ebering_ecumenical_altar_box
D:3:      layout_loops_ring, old_standard_altar, old_standard_altar,
          serial_shops, shop, cheibrodos_sewer_entry_bend, uniq_natasha
D:4:      layout_basic, dancing_weapons_uskayaw, nicolae_zig_zag_zippers
D:5:      layout_gridville, cheibrodos_ashenzari_chains,
          minmay_temple_entry_hall, minmay_misc_feat_tiny, kennysheep_diamond,
          serial_library_hellmonk_open_cross, lightli_corner_chamber
D:6:      layout_loops_ring, nicolae_wu_jian_immortal_techniques,
          hellmonk_sif_muna_bookshelves
D:7:      layout_basic, nicolae_ossuary_entry_ruins, minmay_ruined_shrine,
          uniq_maurice
D:8:      layout_layer_cave, nicolae_ru_sacrificial_ziggurat,
          nicolae_overflow_hidden_temple, nicolae_gozag_seed_capital
D:9:      layout_irregular_city, nemelex_spade_bored_becter,
          mainiacjoe_overflow_surrounded_room, serial_shops,
          nicolae_shop_tiny_waterfront, uniq_jeremiah
D:10:     layout_cave_pools, tgw_kikubaaqudgha, erik_lair_island,
          bh_circular_ruins, uniq_erolcha, uniq_urug
D:11:     layout_cave_pods
D:12:     layout_layer_cave, david_orc_2, uniq_snorg
D:13:     layout_gridville, hangedman_vaults_entry_quadrant_bands
Temple:   hellmonk_temple_micro_hex
Lair:1:   layout_layer_cave, grunt_megastairs_5, uniq_joseph
Lair:2:   layout_misc_corridors, elwin_shoals_entry_rocks,
          spider_nest_entry_funnel_web, maelrawn_ghost_gauntlet_escape,
          disabler_island
Lair:3:   layout_cave_pods, nicolae_volcano_entry_hallway,
          chequers_serial_rivers_large_a, grunt_forest_small_clearings
Lair:4:   layout_roguey, minmay_slime_entry_oklob_open,
          hellmonk_ghost_happy_afterlife, bobbens_ice_dragon_lair
Lair:5:   due_jungle_book, layout_regular_city
Orc:1:    layout_caves, serial_shops, nicolae_shop_bloodbath_and_beyond,
          special_room [special_room_bee], basic_altar,
          nicolae_shop_overcharged_wands

Skill      XL: |  1  2  3  4  5  6  7  8  9 10 11 12 13 14 |
---------------+-------------------------------------------+-----
Invocations    | 1 2 3 4 5 6 7 8 10 | 10.5
Short Blades   | 1 2 3 5 6 7 8 9 |  9.6
Long Blades    | 1 2 3 5 6 7 8 9 |  9.6
Axes           | 1 2 3 5 6 7 8 9 |  9.6
Maces & Flails | 1 2 3 5 6 7 8 9 |  9.6
Polearms       | 1 2 3 5 6 7 8 9 |  9.6
Staves         | 1 2 3 5 6 7 8 9 |  9.6
Ranged Weapons | 1 2 3 5 6 7 8 9 |  9.6
Throwing       | 1 2 3 5 6 7 8 9 |  9.6
Armour         | 1 2 3 5 6 7 8 9 |  9.6
Stealth        | 1 2 3 5 6 7 8 9 |  9.6
Shields        | 1 2 3 5 6 7 8 9 |  9.6
Spellcasting   | 1 2 3 5 6 7 8 9 |  9.6
Evocations     | 1 2 3 5 6 7 8 9 |  9.6
Conjurations   | 1 2 3 4 5 6 7 8 |  8.0
Hexes          | 1 2 3 4 5 6 7 8 |  8.0
Summonings     | 1 2 3 4 5 6 7 8 |  8.0
Necromancy     | 1 2 3 4 5 6 7 8 |  8.0
Translocations | 1 2 3 4 5 6 7 8 |  8.0
Fire Magic     | 1 2 3 4 5 6 7 8 |  8.0
Ice Magic      | 1 2 3 4 5 6 7 8 |  8.0
Air Magic      | 1 2 3 4 5 6 7 8 |  8.0
Earth Magic    | 1 2 3 4 5 6 7 8 |  8.0
Alchemy        | 1 2 3 4 5 6 7 8 |  8.0
Fighting       | 3 4 5 6 7 8 9 10 | 10.0
Dodging        | 5 6 7 8 9 10 | 10.7
Unarmed Combat | 7 8 9 10 11 | 11.6
Shapeshifting  | 7 8 9 10 11 | 11.0

Action                     |  1- 3 |  4- 6 |  7- 9 | 10-12 | 13-15 || total
---------------------------+-------+-------+-------+-------+-------++-------
  Melee: Unarmed           |    73 |   149 |   388 |   757 |   614 ||  1981
         Bite              |     8 |     6 |    52 |    94 |       ||   160
         Punch             |     1 |     1 |       |       |       ||     2
         Constrict         |       |       |       |    11 |    97 ||   108
  Throw: Boomerang         |       |     8 |     7 |    11 |       ||    26
         Dart              |       |       |       |    22 |       ||    22
   Cast: Swiftness         |       |       |       |     1 |       ||     1
 Invoke: Serpent's Lash    |       |       |       |     4 |     3 ||     7
Ability: Whirlwind         |       |       |    43 |   168 |   232 ||   443
         Lunge             |       |       |    18 |    50 |    49 ||   117
  Evoke: Wand              |       |       |     2 |    26 |     4 ||    32
    Use: Scroll            |       |     6 |     5 |     5 |     2 ||    18
         Potion            |       |     2 |     1 |     2 |       ||     5
   Stab: Sleeping          |       |     2 |     1 |     3 |    14 ||    20
         Invisible         |       |     1 |       |     2 |       ||     3
         Distracted        |       |       |       |     1 |     2 ||     3
 Armour: Animal skin       |     2 |       |       |       |       ||     2
         Ring mail         |    25 |    56 |     8 |       |       ||    89
         Skin              |     1 |       |    40 |   207 |   463 ||   711
         Scale mail        |       |       |   123 |    73 |       ||   196
         Plate armour      |       |       |       |    69 |       ||    69
         Acid dragon scale |       |       |       |    67 |       ||    67
  Dodge: Dodged            |    24 |    60 |   162 |   425 |   262 ||   933
         Repelled          |       |       |       |     1 |       ||     1
  Block: Kite shield       |       |    28 |   102 |   103 |       ||   233
   Form: Flux              |     2 |       |     3 |     2 |       ||     7
         Beast             |     2 |       |     3 |     1 |       ||     6
         Serpent           |       |       |       |     1 |       ||     1
